 Dungeon Crawl Stone Soup version 0.28-a0-580-ga2639ab843 (webtiles) character file.

Game seed: 15901934012888042

13221 Demosthentine the Spear-Bearer (level 12, 0/98 HPs)
             Began as a Merfolk Gladiator on Oct 3, 2021.
             Was a Priest of the Shining One.
             Slain by a seven-headed hydra (1 damage)
             ... on level 11 of the Dungeon.
             The game lasted 00:15:41 (17986 turns).

Demosthentine the Spear-Bearer (Merfolk Gladiator) Turns: 17986, Time: 00:15:43

Health: 0/98       AC:  9    Str: 16    XL:     12   Next: 3%
Magic:  25/25      EV: 23    Int:  8    God:    the Shining One [***...]
Gold:   848        SH:  7    Dex: 18    Spells: 11/11 levels left

rFire   . . .      SeeInvis .   a - +1 trident
rCold   . . .      Faith    .   G - +2 buckler {rN+}
rNeg    + + +      Spirit   .   v - +1 leather armour {rN+}
rPois   .          Reflect  .   c - +1 helmet
rElec   .          Harm     .   E - +0 cloak
rCorr   .          Rampage  .   (no gloves)
Will    .....                   r - +0 pair of boots
Stlth   +.........              e - amulet of magic regeneration
HPRegen 0.26/turn               f - +4 ring of evasion
MPRegen 0.44/turn               w - ring of magical power

@: glowing
A: (nimble swimmer 2), mertail
a: Renounce Religion, Divine Shield


You were on level 11 of the Dungeon.
You worshipped the Shining One.
The Shining One was most pleased with you.
You visited 1 branch of the dungeon, and saw 12 of its levels.
You also visited: Bailey.

You collected 1118 gold pieces.
You spent 270 gold pieces at shops.

Inventory:

Hand Weapons
 a - a +1 trident (weapon)
Armour
 c - a +1 helmet (worn)
 r - a +0 pair of boots (worn)
 v - a +1 leather armour of positive energy (worn)
 E - a +0 cloak (worn)
 G - a +2 buckler of positive energy (worn)
Jewellery
 e - an amulet of magic regeneration (around neck)
 f - a +4 ring of evasion (left hand)
 s - a ring of flight
 w - a ring of magical power (right hand)
Wands
 b - a wand of flame (29)
 h - a wand of digging (6)
 u - a wand of iceblast (28)
 x - a wand of acid (10)
 y - a wand of mindburst (7)
Scrolls
 d - a scroll of summoning
 g - a scroll of amnesia
 i - a scroll of blinking
 p - 5 scrolls of enchant weapon
 t - 4 scrolls of vulnerability
 D - a scroll of fear
Potions
 j - 2 potions of flight
 k - a potion of haste
 l - a potion of ambrosia
 n - 2 potions of lignification
 o - 6 potions of curing
 q - a potion of mutation
 A - a potion of attraction
 B - a potion of brilliance


   Skills:
 + Level 10.4 Fighting
 + Level 13.8 Polearms
 - Level 2.0 Throwing
 - Level 5.5 Armour
 + Level 12.7 Dodging
 - Level 4.0 Shields
 + Level 6.1 Invocations


You had 11 spell levels left.
You didn't know any spells.
Your spell library contained the following spells:

 Spells                   Type           Power      Damage    Failure   Level
 Freeze                   Ice            0%         1d3       45%         1
 Magic Dart               Conj           0%         1d3       45%         1
 Sandblast                Erth           0%         2d4       45%         1
 Call Imp                 Summ           0%         N/A       61%         2
 Corpse Rot               Necr/Air       N/A        N/A       61%         2
 Passwall                 Tmut/Erth      0%         N/A       61%         2
 Poisonous Vapours        Pois/Air       0%         N/A       61%         2
 Frozen Ramparts          Ice            0%         1d2       83%         3
 Mephitic Cloud           Conj/Pois/Air  0%         N/A       83%         3
 Stone Arrow              Conj/Erth      0%         3d7       83%         3
 Hailstorm                Conj/Ice       0%         3d3       99%         4
 Petrify                  Tmut/Erth      0%         N/A       99%         4
 Metabolic Englaciation   Hex/Ice        0%         N/A       100%        5
 Statue Form              Tmut/Erth      0%         N/A       100%        6
 Chain Lightning          Conj/Air       0%         N/A       100%        9
 Fire Storm               Conj/Fire      0%         5d1       100%        9
 Shatter                  Erth           0%         3d5*      100%        9


Dungeon Overview and Level Annotations

Branches:
Dungeon (12/15)            Temple (0/1) D:6            Lair (0/6) D:9
    Orc (0/2) D:12         Bailey (visited)

Altars:
Dithmenos
Fedhas
Makhleb
Nemelex Xobeh
Okawaru
Ru
Trog
Vehumet
Wu Jian
Yredelemnul
Zin
The Shining One

Shops:
D:11 [


Innate Abilities, Weirdness & Mutations

((You are quick and stealthy near water. (Stealth+, EV+, Speed+++)))
Your lower body shifts to a powerful aquatic tail in water.


Message History

The seven-headed hydra is severely wounded.
You block the seven-headed hydra's attack.
The seven-headed hydra bites you!
You block the seven-headed hydra's attack.
The seven-headed hydra bites you but does no damage.
You block the seven-headed hydra's attack.
The seven-headed hydra closely misses you.
The seven-headed hydra bites you.
You hit the seven-headed hydra.
The seven-headed hydra is almost dead.
The seven-headed hydra completely misses you.
The seven-headed hydra bites you.
* * * LOW HITPOINT WARNING * * *
You block the seven-headed hydra's attack.
The seven-headed hydra bites you.
* * * LOW HITPOINT WARNING * * *
The seven-headed hydra bites you!
* * * LOW HITPOINT WARNING * * *
The seven-headed hydra closely misses you.
The seven-headed hydra completely misses you.
You hit the seven-headed hydra.
The seven-headed hydra is almost dead.
Unknown command.
You hit the seven-headed hydra.
The seven-headed hydra is almost dead.
The seven-headed hydra bites you but does no damage.
The seven-headed hydra barely misses you.
The seven-headed hydra misses you. x2
The seven-headed hydra barely misses you.
You block the seven-headed hydra's attack.
The seven-headed hydra bites you!
* * * LOW HITPOINT WARNING * * *
You hit the seven-headed hydra.
The seven-headed hydra is almost dead.
Unknown command.
You hit the seven-headed hydra.
The seven-headed hydra is almost dead.
The seven-headed hydra closely misses you.
The seven-headed hydra bites you.
You die...

#.############## #.# #...
##.###### #.#. #.......######.#.
################.......<......#.
##.....##...................####.
.......##........................
.......##...................#####
.......##.......@..#........#
................D#.####.....#####
.......###.......#...............
.......#..............)#########.
.......#.....................# #.
...#.###..................##.# #.
...#.# #..................##.###.
...#.########.............##.#...
............#.##..(.......##.#.##


You could see a seven-headed hydra.

Vanquished Creatures
  5 two-headed ogres
  An orc knight (Bailey)
  A cyclops (D:11)
  The ghost of robertstho the Magician, a novice DjFE (D:4)
  A water elemental (D:11)
  2 wyverns (D:10)
  A wraith (D:10)
  9 yaks
  A vampire (D:10)
  A shadow (D:9)
  A steam dragon (D:6)
  3 wargs (D:9)
  Menkaure (D:4)
  An acid dragon (D:12)
  Duvessa (D:6)
  An ice beast (D:7)
  13 orc warriors
  A sky beast (D:6)
  2 necrophages
  2 ogres
  5 centaurs
  2 phantoms
  4 kobold brigands
  2 bullfrogs
  2 scorpions
  2 water moccasin zombies
  A gnoll sergeant (D:4)
  Dowan (D:6)
  30 killer bees
  3 wights (D:7)
  3 howler monkeys
  A bullfrog zombie (D:6)
  5 centaur zombies
  A jelly (D:4)
  4 hounds
  5 orc priests
  A scorpion zombie (D:5)
  A centaur skeleton (D:5)
  A gnoll shaman (D:9)
  5 iguanas
  11 orc wizards
  A howler monkey zombie (D:9)
  8 gnolls
  6 adders
  A shadow imp (D:6)
  An ufetubus (D:5)
  2 worms (D:2)
  26 orcs
  4 bats
  8 endoplasms
  3 giant cockroaches
  21 goblins
  7 hobgoblins
  6 jackals
  13 kobolds
  4 quokkas
  2 ball pythons (D:3)
  2 frilled lizards (D:5)
  7 rats
261 creatures vanquished.

Vanquished Creatures (collateral kills)
  An adder (D:4)
1 creature vanquished.

Vanquished Creatures (others)
  An orc (D:12)
  A plant (D:9)
2 creatures vanquished.

Grand Total: 264 creatures vanquished

Notes
Turn   | Place    | Note
-------+----------+-------------------------------------------
     0 | D:1      | Demosthentine the Merfolk Gladiator began the quest for the
                  | Orb.
     0 | D:1      | Reached XP level 1. HP: 16/16 MP: 1/1
   138 | D:1      | Reached XP level 2. HP: 20/23 MP: 2/2
   587 | D:1      | Reached XP level 3. HP: 28/28 MP: 3/3
  1002 | D:2      | Reached skill level 5 in Polearms
  1002 | D:2      | Reached skill level 1 in Armour
  1337 | D:2      | Reached XP level 4. HP: 31/35 MP: 4/4
  2119 | D:3      | Reached skill level 5 in Dodging
  2119 | D:3      | Reached XP level 5. HP: 28/41 MP: 5/5
  2343 | D:3      | Found a faded altar of an unknown god.
  3073 | D:4      | Noticed a kobold brigand
  3077 | D:4      | Noticed a necrophage
  3093 | D:4      | Killed a kobold brigand
  3108 | D:4      | Killed a necrophage
  3109 | D:4      | Reached skill level 6 in Polearms
  3109 | D:4      | Reached XP level 6. HP: 15/48 MP: 6/6
  3488 | D:4      | Reached XP level 7. HP: 44/55 MP: 7/7
  3639 | D:4      | Found a runed translucent door.
  3642 | D:4      | Noticed robertstho's ghost (novice DjFE)
  3806 | D:4      | Found a radiant altar of Vehumet.
  3834 | D:4      | Noticed Menkaure
  3842 | D:4      | Killed Menkaure
  3843 | D:4      | Reached skill level 7 in Polearms
  4352 | D:4      | Reached skill level 5 in Fighting
  4539 | D:4      | Killed robertstho's ghost
  4540 | D:4      | Reached skill level 8 in Polearms
  4540 | D:4      | Reached XP level 8. HP: 63/63 MP: 8/8
  4611 | D:5      | Entered Level 5 of the Dungeon
  5300 | D:5      | Found an iron altar of Okawaru.
  5662 | D:5      | Found a sacrificial altar of Ru.
  5922 | D:5      | Found a glowing golden altar of the Shining One.
  5929 | D:5      | Became a worshipper of the Shining One
  6026 | D:6      | Noticed Duvessa
  6026 | D:6      | Noticed Dowan
  6128 | D:6      | Found a staircase to the Ecumenical Temple.
  6158 | D:6      | Reached skill level 9 in Polearms
  6196 | D:6      | Reached XP level 9. HP: 31/71 MP: 9/9
  6951 | D:6      | Killed Duvessa
  6956 | D:6      | Killed Dowan
  7618 | D:7      | Reached skill level 10 in Polearms
  7996 | D:7      | Found a glowing silver altar of Zin.
  8044 | D:7      | Reached * piety under the Shining One
  8045 | D:7      | Reached skill level 5 in Armour
  8225 | D:7      | Reached XP level 10. HP: 73/80 MP: 10/10
  8515 | D:7      | Identified the +5 flail of the Beast {spect, rC+ Will+
                  | Dex-3}
  8671 | D:8      | Reached skill level 10 in Dodging
  8703 | D:8      | Reached skill level 11 in Polearms
  9296 | D:8      | Reached skill level 1 in Shields
  9622 | D:8      | Found a blossoming altar of Fedhas.
 10161 | D:8      | Found a sparkling altar of Nemelex Xobeh.
 10413 | D:9      | Noticed a two-headed ogre
 10444 | D:9      | Killed a two-headed ogre
 10445 | D:9      | Reached skill level 1 in Invocations
 10519 | D:9      | Found a staircase to the Lair.
 11152 | D:9      | You fall into a shaft and drop 1 floor!
 11152 | D:10     | Entered Level 10 of the Dungeon
 11152 | D:10     | Noticed a two-headed ogre
 11152 | D:10     | Reached ** piety under the Shining One
 11152 | D:10     | Found a shadowy altar of Dithmenos.
 11152 | D:10     | Found a basalt altar of Yredelemnul.
 11152 | D:10     | Found a burning altar of Makhleb.
 11192 | D:10     | Killed a two-headed ogre
 11193 | D:10     | Reached skill level 12 in Polearms
 11193 | D:10     | Reached XP level 11. HP: 44/89 MP: 13/13
 11276 | D:10     | Found a flagged portal.
 11431 | Bailey   | Entered a bailey
 14376 | Bailey   | Noticed an orc knight
 14408 | Bailey   | Killed an orc knight
 14865 | Bailey   | Identified the +1 scale mail of Eternal Night {Slay+6}
 14881 | Bailey   | Identified the +4 great sword "Keod" {flame, rF+ Int+2}
 14907 | Bailey   | Identified the +5 scale mail of Summertime {Dex+4}
 14912 | Bailey   | Identified the +3 plate armour of the Slightly Bent {rElec
                  | Int+7}
 15128 | D:9      | Found a large runed translucent door.
 15227 | D:9      | Found a large runed translucent door.
 15578 | D:9      | Found a bloodstained altar of Trog.
 15581 | D:9      | Found an ornate altar of the Wu Jian Council.
 15706 | D:10     | Noticed a two-headed ogre
 15738 | D:10     | Killed a two-headed ogre
 15757 | D:10     | Reached skill level 13 in Polearms
 16025 | D:10     | Noticed a phantasmal warrior
 16066 | D:10     | Noticed a two-headed ogre
 16108 | D:10     | Killed a two-headed ogre
 16109 | D:10     | Reached skill level 5 in Invocations
 16121 | D:10     | Reached skill level 10 in Fighting
 16762 | D:11     | Found Emizxoof's Antique Armour Boutique.
 16765 | D:11     | Noticed a six-headed hydra
 17202 | D:11     | Noticed a cyclops
 17218 | D:11     | Killed a cyclops
 17422 | D:11     | Noticed a two-headed ogre
 17437 | D:11     | Killed a two-headed ogre
 17438 | D:11     | Reached XP level 12. HP: 85/98 MP: 16/16
 17540 | D:11     | Bought a runed buckler for 270 gold pieces
 17811 | D:12     | Noticed a death knight
 17822 | D:12     | Found a staircase to the Orcish Mines.
 17822 | D:12     | Noticed a boulder beetle
 17924 | D:12     | Noticed a seven-headed hydra
 17924 | D:12     | Reached *** piety under the Shining One
 17984 | D:11     | HP: 1/98 [seven-headed hydra (13)]
 17986 | D:11     | Slain by a seven-headed hydra

Illustrated notes

Levels and vault maps discovered:
D:1:      mrwooster_arrival_arrow, layout_basic, minmay_misc_feat_secret_circle,
          minmay_misc_feat_roman, chequers_serial_rivers_small_b
D:2:      layout_rooms
D:3:      layout_loops_cross, shapermc_ecumenical_altar_flowoftime,
          kennysheep_minor_cross, lemuel_old_faithful
D:4:      minmay_recursive_quarters, layout_basic, mainiacjoe_overflow_24_doors,
          ebering_ghost_sewer_d, lightli_minifort, uniq_menkaure
D:5:      layout_basic, okawaru_metal_pillars_3, nicolae_tso_swordbearing_angel,
          nicolae_ru_great_annihilating_truth
D:6:      layout_cave_pods, minmay_temple_entry_stoned_glass,
          nicolae_benzene_ring, minmay_misc_feat_enclosed, uniq_duvessa
D:7:      layout_loops_ring, mainiacjoe_overflow_six_doors_small,
          kennysheep_pointless_box
D:8:      layout_basic, nemelex_diamond_rough_becter, fedhas_ov_isle_minmay,
          nicolae_wand_duel, minmay_checkerbox
D:9:      layout_loops_ring, jmf_multi_god_temple2, erik_lair_orcish_takeover
D:10:     layout_rooms, grunt_temple_overflow_open, enter_bailey_3, wad_dig_loot
D:11:     layout_basic, serial_shops, shop_fountains
D:12:     layout_stronghold, erik_orc_1, minmay_misc_feat_rows,
          kennysheep_generic_room_8

Skill      XL: |  1  2  3  4  5  6  7  8  9 10 11 |
---------------+----------------------------------+-----
Polearms       | 5 6 8 9 10 12 13 | 13.8
Armour         | 1 2 3 4 5 |  5.5
Fighting       | 3 4 5 6 7 9 10 | 10.4
Dodging        | 5 6 7 8 9 11 12 | 12.7
Shields        | 3 4 |  4.0
Invocations    | 3 6 |  6.1
Throwing       | |  2.0

Action                   |  1- 3 |  4- 6 |  7- 9 | 10-12 || total
-------------------------+-------+-------+-------+-------++-------
Melee: Trident           |   113 |   174 |   395 |   778 ||  1460
       Tailslap          |       |       |       |     5 ||     5
Throw: Throwing net      |       |       |       |     8 ||     8
Evoke: Wand              |       |       |       |     1 ||     1
  Use: Scroll            |     2 |     3 |     7 |    14 ||    26
       Potion            |       |       |       |     5 ||     5
 Stab: Sleeping          |     2 |     1 |     1 |       ||     4
       Distracted        |       |     2 |       |       ||     2
       Invisible         |       |       |     1 |       ||     1
       Paralysed         |       |       |     1 |       ||     1
Armor: Leather armour    |    14 |    25 |    46 |    85 ||   170
Dodge: Dodged            |    52 |   112 |   261 |   757 ||  1182
Block: Buckler           |       |       |       |    37 ||    37

Table legend: (Time is in decaauts)
 A = Elapsed time spent in this place.
 B = Non-inter-level travel time spent in this place.
 C = Inter-level travel time spent in this place.
 D = Time resting spent in this place.
 E = Time spent auto-exploring this place.
 F = Levels seen in this place.
 G = Mean time per level.
                   A        B        C        D        E       F      G
               +--------+--------+--------+--------+--------+-----+--------+
         Total |  17650 |  17300 |    350 |   3033 |  11757 |  13 | 1357.7 |
       Dungeon |  14202 |  13852 |    350 |    650 |  11018 |  12 | 1183.5 |
        Bailey |   3448 |   3448 |      0 |   2383 |    738 |   1 | 3448.0 |
               +--------+--------+--------+--------+--------+-----+--------+

Top non-repeatable levels by time:
  Bailey: 3448 daAuts
     D:4: 1748 daAuts
     D:8: 1669 daAuts
     D:5: 1445 daAuts
     D:6: 1444 daAuts
     D:9: 1443 daAuts
    D:11: 1325 daAuts
    D:10: 1069 daAuts
     D:2: 1062 daAuts
     D:7: 1020 daAuts
     D:3: 896 daAuts
     D:1: 895 daAuts
    D:12: 181 daAuts
